 Dungeon Crawl Stone Soup version 0.16.2-12-gd0ad4c3 (webtiles) character file.

548347 RepoMan the Executioner (level 24, -2/327 HPs)
             Began as a Minotaur Warper on Oct 25, 2015.
             Was the Champion of Dithmenos.
             Slain by an acid blob (32 damage)
             ... created by the royal jelly
             ... on level 6 of the Pits of Slime on Nov 10, 2015.
             The game lasted 14:50:21 (82087 turns).

RepoMan the Executioner (Minotaur Warper)          Turns: 82087, Time: 14:50:24

Health: -2/327     AC:  7    Str: 33    XL:     24   Next: 97%
Magic:  45/45      EV: 16    Int: 20    God:    Dithmenos [******]
Gold:   2689       SH:  0    Dex: 15    Spells: 13 memorised, 7 levels left

rFire  . . .     SeeInvis +     a - +6 battleaxe (chop)
rCold  + + +     Clarity  +     F - +8 orange crystal plate armour {Archmagi, Int+3 Clar SustAb}
rNeg   . . .     SustAb   +     (no shield)
rPois  +         Gourm    .     J - +2 hat
rElec  +         Spirit   .     H - +2 cloak {rC+}
rCorr  +         Warding  .     B - +2 pair of gloves "Kler" {-Tele MR+ rCorr MP+9 Str+2}
rMut   +         NoTele   +     z - +2 pair of boots {run}
MR     +++..                    S - amulet "Lases" {rMut rC+ Slay+3}
Stlth  ..........               G - ring "Zunkanlolu" {rElec rPois Str+6 SInv}
                                K - ring "Ozubas Taadu" {+Fly rElec rC+ Dex+4}

@: berserking (expiring), corroded equipment, wreathed by umbra, very quick,
extremely resistant to hostile enchantments, extremely unstealthy
A: retaliatory headbutt, horns 2, magic resistance 1, spit poison 1
a: Spit Poison, Shadow Step, Shadow Form, Renounce Religion, Evoke Flight
}: 3/15 runes: serpentine, barnacled, silver


You were on level 6 of the Pits of Slime.
You worshipped Dithmenos.
Dithmenos was exalted by your worship.
You were not hungry.

You visited 9 branches of the dungeon, and saw 52 of its levels.
You visited the Abyss 1 time.
You visited 1 bazaar.
You also visited: Ice Cave.

You collected 6342 gold pieces.
You spent 3653 gold pieces at shops.

Inventory:

Hand weapons
 a - a +6 battleaxe of chopping (weapon)
 b - a +5 arbalest of evasion
Missiles
 l - 1182 bolts
 o - 8 throwing nets (quivered)
Armour
 u - the +2 ring mail of the End {rF++ MP+9 Str+5}
   (You found it on level 5 of the Dungeon)

   It affects your strength (+5).
   It greatly protects you from fire.
   It affects your magic capacity (+9).
 z - a +2 pair of boots of running (worn)
 B - the +2 pair of gloves "Kler" (worn) {-Tele MR+ rCorr MP+9 Str+2}
   (You found it on level 5 of the Vaults)

   It affects your strength (+2).
   It affects your resistance to hostile enchantments.
   It affects your magic capacity (+9).
   It prevents most forms of teleportation.
   It protects you from acid and corrosion.
 F - the +8 orange crystal plate armour (worn) {Archmagi, Int+3 Clar SustAb}
   (You found it on level 3 of the Elven Halls)

   It affects your intelligence (+3).
   It sustains your strength, intelligence and dexterity.
   It protects you against confusion.
 H - a +2 cloak of cold resistance (worn)
 J - a +2 hat (worn)
Jewellery
 e - an uncursed ring of sustain abilities
 m - an uncursed ring of protection from fire
 v - an uncursed ring of positive energy
 y - an uncursed amulet of warding
 G - the ring "Zunkanlolu" (right hand) {rElec rPois Str+6 SInv}
   (You took it off a deep elf death mage on level 3 of the Elven Halls)

   [ring of see invisible]

   It affects your strength (+6).
   It insulates you from electricity.
   It protects you from poison.
   It enhances your eyesight.
 K - the ring "Ozubas Taadu" (left hand) {+Fly rElec rC+ Dex+4}
   (You bought it in a shop in a bazaar)

   [ring of flight]

   It affects your dexterity (+4).
   It protects you from cold.
   It insulates you from electricity.
   It lets you fly.
 S - the amulet "Lases" (around neck) {rMut rC+ Slay+3}
   (You took it off a fire giant on level 3 of the Vaults)

   [amulet of resist mutation]

   It protects you from mutation.
   It affects your accuracy and damage with ranged weapons and melee attacks
   (+3).
   It protects you from cold.
Magical devices
 I - a wand of heal wounds (5)
 R - a wand of digging (5)
 Z - a wand of disintegration (13)
Scrolls
 i - 13 scrolls of teleportation
 j - 15 scrolls of remove curse
 s - 3 scrolls of fear
 t - 5 scrolls of identify
 L - a scroll of holy word
 Q - 10 scrolls of recharging
 T - 4 scrolls of magic mapping
 Y - a scroll of blinking
Potions
 h - a potion of ambrosia
 k - 2 potions of resistance
 w - 3 potions of haste
 C - 10 potions of curing
 M - a potion of brilliance
 P - 7 potions of magic
 W - 3 potions of invisibility
Books
 r - an Akashic Record

   Spells                             Type                      Level
   a - Dispersal                      Translocation                6
   b - Controlled Blink               Translocation                7
   c - Malign Gateway                 Summoning/Translocation      7
   d - Disjunction                    Translocation                8
   e - Singularity                    Translocation                9
Comestibles
 f - 20 bread rations


   Skills:
 + Level 18.7 Fighting
 - Level 22.8 Axes
 + Level 20.0 Crossbows
 - Level 1.0 Throwing
 + Level 19.1 Armour
 + Level 17.4 Dodging
 + Level 11.0 Spellcasting
 - Level 3.2 Hexes
 - Level 4.8 Charms
 * Level 13.3 Translocations
 - Level 2.0 Poison Magic


You had 7 spell levels left.
You knew the following spells:

 Your Spells              Type           Power        Failure   Level  Hunger
a - Apportation           Tloc           #######...   1%          1    None
b - Blink                 Tloc           N/A          1%          2    None
c - Shroud of Golubria    Chrm/Tloc      ######....   1%          2    None
d - Cure Poison           Pois           ####......   38%         2    None
e - Gell's Gravitas       Hex/Tloc       ######....   54%         5    ####...
f - Flight                Chrm/Air       ####......   69%         3    None
g - Passage of Golubria   Tloc           N/A          2%          4    ##.....
h - Dispersal             Tloc           #######...   38%         6    ######.
m - Repel Missiles        Chrm/Air       ####..       34%         2    None
o - Teleport Other        Tloc           #######.     1%          3    None
p - Portal Projectile     Tloc           ######       1%          3    None
r - Regeneration          Chrm/Necr      ####......   69%         3    None
s - Swiftness             Chrm/Air       ####....     34%         2    None


Dungeon Overview and Level Annotations

Branches:
Dungeon (15/15)            Temple (1/1) D:4            Lair (8/8) D:10
 Shoals (5/5) Lair:4        Snake (5/5) Lair:6        Slime (6/6) Lair:8
    Orc (4/4) D:12            Elf (3/3) Orc:4        Vaults (5/5) D:14
  Crypt (0/3) Vaults:2     Depths (0/5) D:15

Altars:
Ashenzari
Cheibriados
Dithmenos
Elyvilon
Fedhas
Gozag
Kikubaaqudgha
Makhleb
Nemelex Xobeh
Okawaru
Qazlal
Ru
Sif Muna
Trog
Vehumet
Xom
Yredelemnul
Zin
The Shining One
Beogh
Jiyva

Shops:
D:9 *   D:11 =[!=   D:15 [   Orc:3 :   Orc:4 (:[*   Elf:3 %   Shoals:1 [
Snake:3 %=[*!   Snake:4 ?   Vaults:1 }?:

Annotations:
D:4 exclusion: statue


Innate Abilities, Weirdness & Mutations

You reflexively headbutt those who attack you in melee.
You have a pair of horns on your head.
You are resistant to hostile enchantments.
You can spit poison.


Message History

Here: an azure jelly (black smoke, severely wounded, umbra)
The floor.
Unknown command.
Unknown command.
Unknown command.
Unknown command.
Unknown command.
You hit the azure jelly but do no damage.
You headbutt the azure jelly!
The azure jelly is almost dead.
You slash the acid blob!
The acid blob is moderately wounded.
Your orange crystal plate armour prevents you from hitting the acid blob.
The acid blob is lightly wounded.
You hit the acid blob but do no damage.
The acid blob is heavily wounded.
You closely miss the azure jelly.
The azure jelly is moderately wounded.
The acid blob hits you!!
You die...

......... ...........
.............
................
.................
.........J........
#.....§§§..........
##.....§JJJ§.........
.......§§@J..........
.......§§J§§.........
..#####§§§.§.........
. ##...§.........
####..........
##...........
#..............
##...............
##................


You could see 3 acid blobs, 2 azure jellies and a jelly.

Vanquished Creatures
  the royal jelly (Slime:6)
  An ancient lich (Vaults:5)
  Margery (Vaults:4)
  2 golden dragons (Vaults:5)
  A profane servitor (Abyss:3)
  A bone dragon (Abyss:3)
  The ghost of deszczowiec the Slayer, a great GrFi of Okawaru (Slime:5)
  2 liches (Vaults:5)
  The ghost of germz the Fencer, a mighty FoFi of the Shining One (Snake:5)
  An Ice Fiend (IceCv)
  4 tentacled monstrosities (Vaults:5)
  Vashnia (Snake:4)
  11 acid blobs
  3 deep elf blademasters
  2 titans
  2 deep elf master archers (Elf:3)
  3 tentacled starspawn (Abyss:3)
  2 krakens
  5 sphinxes
  Rupert (Snake:1)
  An Executioner (Abyss:3)
  Kirke (Elf:2)
  2 storm dragons
  Frances (Snake:4)
  3 tengu reavers
  14 azure jellies
  6 shadow dragons
  13 greater nagas
  Ilsuiw (Shoals:5)
  A daeva (Abyss:3)
  3 iron dragons (Vaults:5)
  5 frost giants
  9 deep elf sorcerers
  Wiglaf (Vaults:2)
  6 fire giants
  The ghost of Gravoth the Peltast, a powerful DgFi (Elf:1)
  2 orc warlords
  Aizul (Snake:1)
  23 vault wardens
  13 very ugly things
  16 ironheart preservers
  A draconian shifter (Abyss:3)
  3 war gargoyles (Vaults:5)
  10 stone giants
  11 deep elf demonologists
  A green draconian (Abyss:3)
  7 deep elf annihilators (Elf:3)
  A purple draconian (Vaults:3)
  12 ettins
  4 fire dragons
  4 merfolk javelineers
  6 deep elf death magi
  Snorg (Shoals:3)
  46 vault guards
  2 death oozes (Slime:6)
  9 great orbs of eyes
  8 merfolk impalers
  4 deep elf high priests
  23 yaktaur captains
  4 ice dragons
  Harold (Lair:6)
  22 naga warriors
  13 hydras
  24 anacondas
  Nessos (Orc:3)
  2 rakshasas (Abyss:3)
  9 centaur warriors
  An alligator snapping turtle (Shoals:5)
  12 ogre magi
  Erica (D:12)
  A catoblepas (Lair:6)
  3 merfolk avatars
  11 merfolk aquamancers (Shoals:5)
  17 dancing weapons
  5 orc high priests
  A satyr (Shoals:5)
  17 death yaks
  A deep troll shaman (Vaults:1)
  6 tengu warriors
  17 naga sharpshooters
  5 shock serpents
  4 thrashing horrors (Abyss:3)
  Urug (Orc:4)
  2 deep troll earth magi
  6 hell knights
  Nergalle (Orc:4)
  3 wretched stars (Abyss:3)
  A salamander mystic (Snake:3)
  16 deep elf knights
  11 deep trolls
  2 flayed ghosts
  7 ice devils
  2 shadow wraiths
  2 spatial maelstroms (Abyss:3)
  An unseen horror (shapeshifter) (Vaults:3)
  13 sea snakes
  14 hill giants
  10 deep elf summoners
  2 ice statues
  6 naga ritualists
  An obsidian statue (D:13)
  2 giant orange brains (Vaults:4)
  2 wizards
  23 deep elf conjurers
  15 orc knights
  14 ironbrand convokers
  An orb spider (shapeshifter) (Vaults:3)
  8 mana vipers
  3 phantasmal warriors
  18 griffons
  A fire giant zombie (Vaults:5)
  2 unseen horrors
  7 shining eyes
  A wolf spider (Vaults:2)
  12 cyclopes
  2 hornets
  29 ugly things
  7 water nymphs
  8 manticores
  A hornet (shapeshifter) (Vaults:3)
  A draconian (shapeshifter) (Vaults:5)
  7 orc sorcerers
  5 necromancers
  A black mamba (shapeshifter) (Vaults:2)
  23 harpies
  18 fauns
  2 sixfirhies
  11 elephants
  A sphinx skeleton (Vaults:5)
  3 drowned souls
  A frost giant skeleton (Vaults:2)
  23 vault sentinels
  9 sirens
  5 smoke demons (Abyss:3)
  12 salamanders
  An orange demon (Abyss:3)
  3 rust devils
  A stone giant skeleton (Vaults:2)
  An octopode (shapeshifter) (Elf:1)
  2 torpor snails
  18 guardian serpents
  A gargoyle (D:14)
  33 naga magi
  An eye of devastation (Slime:4)
  19 spiny frogs
  47 yaktaurs
  An apocalypse crab (Abyss:3)
  A queen ant (Lair:7)
  Psyche (D:11)
  46 black mambas
  14 freezing wraiths
  5 kobold demonologists
  A komodo dragon (shapeshifter) (Vaults:3)
  13 deep elf priests
  2 fire drakes
  12 komodo dragons
  A redback zombie (D:9)
  5 anaconda simulacra (IceCv)
  2 hellwings (Abyss:3)
  A demonic crawler (Abyss:3)
  7 small abominations
  An elf (shapeshifter) (Vaults:5)
  A harpy zombie (D:15)
  3 blue devils
  A spriggan druid (Lair:8)
  A fire drake (shapeshifter) (Vaults:3)
  A red devil (Elf:3)
  2 tengu conjurers (D:14)
  4 ancient zymes (Abyss:3)
  A jumping spider (Vaults:3)
  25 merfolk
  A yaktaur (shapeshifter) (Vaults:2)
  Sonja (Orc:4)
  3 wind drakes (Shoals:5)
  8 trolls
  4 raiju (Abyss:3)
  11 ravens
  7 polar bears
  26 two-headed ogres
  A flying skull (Abyss:3)
  11 snapping turtles
  A two-headed ogre (shapeshifter) (Vaults:4)
  17 blink frogs
  5 boulder beetles
  A baby alligator (shapeshifter) (D:13)
  3 basilisks
  A trapdoor spider (D:13)
  89 slime creatures
  A human simulacrum (Vaults:3)
  6 wraiths
  A ynoxinul (Abyss:3)
  A tarantella (Vaults:3)
  4 starcursed masses (Abyss:3)
  3 dire elephant simulacra (IceCv)
  14 redbacks
  5 wyverns
  A redback (shapeshifter) (Elf:3)
  An air elemental (Abyss:3)
  A vampire (D:14)
  43 deep elf magi
  A hill giant zombie (D:12)
  17 water elementals
  4 hogs (Elf:2)
  A hippogriff (shapeshifter) (D:13)
  A golden eye (shapeshifter) (Vaults:4)
  38 yaks
  Grum (D:11)
  3 fire bats
  A yak (shapeshifter) (Vaults:3)
  3 golden eyes (Slime:2)
  2 humans (D:7)
  40 deep elf fighters
  16 spriggans (Lair:8)
  A steam dragon (D:7)
  17 hippogriffs
  4 hungry ghosts
  3 neqoxecs
  50 wolves
  2 chaos spawn
  2 harpy simulacra (IceCv)
  A soldier ant (shapeshifter) (Vaults:1)
  A wolf (shapeshifter) (Abyss:3)
  4 wargs
  5 insubstantial wisps (Abyss:3)
  A mottled dragon (Vaults:2)
  A hell hound (Abyss:3)
  Menkaure (D:6)
  77 nagas
  13 vampire mosquitoes
  35 water moccasins
  A spatial vortex (Abyss:3)
  2 iron troll simulacra (IceCv)
  6 soldier ants
  9 porcupines
  A black bear (shapeshifter) (Vaults:4)
  6 hydra simulacra (IceCv)
  9 ice beasts
  57 orc warriors
  4 phantoms
  An eye of draining (shapeshifter) (Vaults:2)
  13 black bears
  5 sky beasts
  6 eyes of draining
  49 ogres
  14 crocodiles
  8 large abominations
  An ettin simulacrum (IceCv)
  5 wasps
  A boring beetle (Lair:8)
  An elf simulacrum (Vaults:5)
  19 centaurs
  Sigmund (D:3)
  2 elf zombies
  4 gnoll sergeants
  4 big kobolds
  21 giant frogs
  Blork the orc (D:8)
  A wyvern zombie (D:12)
  3 wyvern skeletons
  A merfolk simulacrum (Abyss:3)
  25 jellies
  A water moccasin skeleton (D:9)
  4 scorpions
  13 killer bees
  12 wights
  2 draconian simulacra (IceCv)
  7 giant frog zombies
  2 electric eels
  A swamp dragon simulacrum (IceCv)
  11 crimson imps
  4 centaur zombies
  3 goliath beetles
  5 giant frog skeletons
  2 iron imps (D:13)
  A wasp zombie (D:9)
  A quasit (Abyss:3)
  9 centaur skeletons
  6 human zombies
  17 hounds
  2 lava snakes (Snake:4)
  52 orc priests
  19 iguanas
  An elf skeleton (Vaults:4)
  A spriggan simulacrum (IceCv)
  Natasha (twice) (D:5)
  5 troll simulacra (IceCv)
  18 worker ants
  44 orc wizards
  6 hell rats
  A killer bee zombie (D:10)
  6 ogre zombies (D:12)
  A crocodile zombie (D:10)
  47 sheep
  A centaur simulacrum (IceCv)
  A sheep (shapeshifter) (Vaults:5)
  2 hound skeletons
  A hound zombie (D:5)
  Terence (D:3)
  3 mummies
  3 naga simulacra (IceCv)
  59 river rats
  28 adders
  16 gnolls
  3 ogre simulacra (IceCv)
  13 shadow imps
  2 giant mites (D:7)
  11 white imps
  4 worms
  A giant eyeball (shapeshifter) (Vaults:5)
  7 ufetubi
  4 adder zombies
  An adder skeleton (D:4)
  9 giant geckos
  An ooze (D:1)
  236 orcs
  4 ball pythons
  A bat skeleton (D:6)
  2 bat zombies (D:5)
  A gnoll zombie (D:12)
  26 goblins
  34 hobgoblins
  15 jackals
  44 kobolds
  7 quokkas
  12 bats
  9 giant cockroaches
  6 giant newts
  A giant spore (D:13)
  A goblin skeleton (D:12)
  3 goblin zombies (D:12)
  2 hobgoblin skeletons (D:12)
  2 hobgoblin zombies (D:12)
  An orc skeleton (D:9)
  12 orc zombies
  2 quokka skeletons
  40 rats
  22 ballistomycetes
  A butterfly (Lair:5)
  2 crawling corpses (Vaults:4)
  7 fungi
  34 plants
  2 starspawn tentacles (Abyss:3)
  5 tentacles
  A tentacle segment (Shoals:3)
3068 creatures vanquished.

Vanquished Creatures (collateral kills)
  Louise (Vaults:2)
1 creature vanquished.

Vanquished Creatures (others)
  An ancient lich (Vaults:5)
  A lich (Vaults:3)
  A yaktaur captain (Vaults:4)
  An anaconda (Snake:4)
  An ogre mage (Vaults:3)
  A naga sharpshooter (Snake:4)
  2 deep elf knights
  2 deep trolls (Vaults:5)
  A necromancer (Vaults:5)
  3 drowned souls (Shoals:5)
  A black mamba (Snake:4)
  A freezing wraith (Vaults:5)
  A two-headed ogre (Vaults:5)
  A deep elf mage (Elf:1)
  A deep elf fighter (Elf:1)
  A chaos spawn (Abyss:3)
  2 vampire mosquitoes (Vaults:3)
  2 nagas (Snake:4)
  A water moccasin (Snake:4)
  A deep troll skeleton (Vaults:5)
  An ogre (Vaults:5)
  3 lost souls (Elf:3)
  A crimson imp (D:11)
  A giant gecko (D:9)
  A hobgoblin (Orc:4)
  7 giant spores
  A lurking horror (Abyss:3)
  A ballistomycete (D:9)
  A bush (Lair:8)
  33 fungi
  18 plants
  4 starspawn tentacles (Abyss:3)
  33 starspawn tentacle segments (Abyss:3)
  6 tentacles
  134 tentacle segments
271 creatures vanquished.

Grand Total: 3340 creatures vanquished

Notes
Turn   | Place    | Note
--------------------------------------------------------------
     0 | D:1      | RepoMan, the Minotaur Warper, began the quest for the Orb.
     0 | D:1      | Reached XP level 1. HP: 18/18 MP: 2/2
   326 | D:1      | Reached XP level 2. HP: 23/25 MP: 2/2
   343 | D:1      | Learned a level 2 spell: Blink
   519 | D:1      | Reached skill level 3 in Axes
   887 | D:2      | Reached XP level 3. HP: 12/30 MP: 4/4
  1627 | D:2      | Reached XP level 4. HP: 18/37 MP: 4/4
  2117 | D:2      | Reached skill level 4 in Axes
  2121 | D:2      | Learned a level 2 spell: Shroud of Golubria
  2602 | D:2      | Reached XP level 5. HP: 26/42 MP: 3/6
  2973 | D:3      | Noticed Terence
  3520 | D:3      | Found a stormy altar of Qazlal.
  3635 | D:3      | Noticed Sigmund
  3676 | D:4      | Found a burning altar of Makhleb.
  3689 | D:4      | Reached skill level 5 in Axes
  3703 | D:4      | Learned a level 3 spell: Teleport Other
  3872 | D:4      | Found a glowing silver altar of Zin.
  3873 | D:4      | Noticed a blizzard demon
  3873 | D:4      | Noticed an angel
  3970 | D:4      | Noticed a phantom
  4035 | D:4      | Noticed a phantom
  4042 | D:4      | Noticed an ogre
  4663 | D:5      | Entered Level 5 of the Dungeon
  4668 | D:5      | Reached XP level 6. HP: 42/50 MP: 8/8
  5037 | D:5      | Found a shadowy altar of Dithmenos.
  5046 | D:5      | Became a worshipper of Dithmenos the Shadowed
  5192 | D:5      | Noticed a black bear
  5201 | D:5      | Killed a black bear
  5201 | D:5      | Reached skill level 6 in Axes
  5357 | D:5      | Noticed an ice beast
  5370 | D:5      | Killed an ice beast
  5370 | D:5      | Reached XP level 7. HP: 26/56 MP: 9/9
  5544 | D:5      | Found an iron altar of Okawaru.
  5551 | D:5      | Got an ancient ring mail
  5563 | D:5      | Identified the +2 ring mail of the End {rF++ MP+9 Str+5} (You found it on level 5 of the Dungeon)
  5698 | D:5      | Reached skill level 7 in Axes
  5873 | D:5      | Noticed a sky beast
  5874 | D:5      | Noticed Natasha
  5880 | D:5      | Killed Natasha
  5903 | D:5      | Found a sacrificial altar of Ru.
  6108 | D:5      | Killed a sky beast
  6703 | D:6      | Reached XP level 8. HP: 60/62 MP: 11/11
  6736 | D:6      | Found a white marble altar of Elyvilon.
  6771 | D:6      | Reached skill level 8 in Axes
  7084 | D:6      | Noticed Menkaure
  7121 | D:6      | Killed Menkaure
  7738 | D:7      | Got a jewelled flail
  8024 | D:7      | Reached skill level 9 in Axes
  8125 | D:7      | Acquired Dithmenos' first power
  8256 | D:7      | Reached XP level 9. HP: 66/71 MP: 14/14
  8291 | D:7      | Found an iron altar of Okawaru.
  8540 | D:7      | Reached skill level 5 in Translocations
  8627 | D:7      | Reached skill level 5 in Armour
  9210 | D:7      | Reached skill level 5 in Fighting
  9210 | D:7      | Reached skill level 10 in Axes
  9533 | D:8      | Noticed a cyan ugly thing
  9551 | D:7      | Killed a cyan ugly thing
 10044 | D:8      | Reached XP level 10. HP: 78/81 MP: 17/17
 10096 | D:8      | Acquired Dithmenos' second power
 10304 | D:8      | Noticed Blork the orc
 10319 | D:8      | Killed Blork the orc
 10508 | D:8      | Reached skill level 5 in Dodging
 10709 | D:4      | Killed a phantom
 10750 | D:4      | Killed an ogre
 10766 | D:4      | Found a staircase to the Ecumenical Temple.
 10788 | D:4      | Killed a phantom
 10809 | Temple   | Entered the Ecumenical Temple
 11112 | D:4      | Found a radiant altar of Vehumet.
 11379 | D:5      | Noticed Natasha
 11386 | D:5      | Killed Natasha
 11582 | D:3      | Killed Terence
 11639 | D:3      | Killed Sigmund
 12154 | D:9      | Found Hifivu's Demolitions Depot.
 12195 | D:9      | Acquired Dithmenos' third power
 12236 | D:9      | Found a basalt altar of Yredelemnul.
 12454 | D:9      | Reached skill level 11 in Axes
 12454 | D:9      | Reached skill level 1 in Crossbows
 13652 | D:10     | Entered Level 10 of the Dungeon
 13727 | D:10     | Found a staircase to the Lair.
 13728 | D:10     | Noticed an elephant
 13743 | D:10     | Reached XP level 11. HP: 69/92 MP: 18/18
 13778 | D:10     | Killed an elephant
 13778 | D:10     | Reached skill level 5 in Spellcasting
 14464 | D:10     | Acquired Dithmenos' fourth power
 14730 | D:10     | Got a steaming flail
 14750 | D:10     | Noticed a hill giant
 14779 | D:10     | Killed a hill giant
 14779 | D:10     | Reached skill level 12 in Axes
 15295 | D:10     | Noticed a hill giant
 15307 | D:10     | Killed a hill giant
 15614 | D:11     | Noticed Psyche
 15679 | Lair:1   | Entered Level 1 of the Lair of Beasts
 17221 | Lair:2   | Noticed an eight-headed hydra
 17252 | Lair:2   | Killed an eight-headed hydra
 17252 | Lair:2   | Reached XP level 12. HP: 97/103 MP: 21/21
 18037 | Lair:2   | Noticed an eight-headed hydra
 18050 | Lair:2   | Killed an eight-headed hydra
 18233 | Lair:3   | Reached skill level 5 in Crossbows
 18237 | Lair:3   | Reached skill level 13 in Axes
 18493 | Lair:3   | Noticed a five-headed hydra
 18516 | Lair:3   | Killed a five-headed hydra
 19939 | Lair:4   | Found a staircase to the Shoals.
 20318 | Lair:4   | Noticed a five-headed hydra
 21036 | Lair:4   | Killed a five-headed hydra
 21036 | Lair:4   | Reached XP level 13. HP: 97/111 MP: 23/23
 21124 | Lair:5   | Reached skill level 14 in Axes
 21891 | Lair:5   | Found a burning altar of Makhleb.
 21938 | Lair:5   | Reached skill level 10 in Armour
 22930 | Lair:6   | Noticed Harold
 22945 | Lair:6   | Killed Harold
 23171 | Lair:6   | Found a staircase to the Snake Pit.
 23874 | Lair:6   | Reached skill level 10 in Fighting
 24739 | Lair:7   | Reached skill level 15 in Axes
 25292 | Lair:6   | Reached XP level 14. HP: 106/121 MP: 25/25
 25569 | Lair:8   | Entered Level 8 of the Lair of Beasts
 26165 | Lair:8   | Found a viscous altar of Jiyva.
 26165 | Lair:8   | Found a staircase to the Slime Pits.
 26418 | Lair:8   | Reached skill level 1 in Charms
 26464 | Lair:8   | Reached skill level 10 in Dodging
 28399 | D:11     | Found Pniravva's Jewellery Shoppe.
 28402 | D:11     | Bought a cursed -2 ring of intelligence for 26 gold pieces
 28402 | D:11     | Bought an uncursed ring of see invisible for 195 gold pieces
 28402 | D:11     | Bought an uncursed ring of poison resistance for 260 gold pieces
 28476 | D:11     | Found Biafuly's Distillery.
 28496 | D:11     | Bought a potion of heal wounds for 50 gold pieces
 28496 | D:11     | Bought a potion of magic for 80 gold pieces
 28496 | D:11     | Bought a potion of heal wounds for 50 gold pieces
 28496 | D:11     | Bought a potion of curing for 30 gold pieces
 28611 | D:11     | Found Steygequ's Antique Armour Emporium.
 28655 | D:11     | Bought a pair of embroidered boots for 112 gold pieces
 28665 | D:11     | Identified a +0 pair of boots of running (You bought it in a shop on level 11 of the Dungeon)
 28672 | D:11     | Killed Psyche
 28809 | D:11     | Noticed Grum
 28817 | D:11     | Killed Grum
 28825 | D:11     | Noticed a hill giant
 28831 | D:11     | Killed a hill giant
 28959 | D:11     | Reached skill level 16 in Axes
 28973 | D:11     | Found Brutsismo's Jewellery Shoppe.
 29363 | D:12     | Found a staircase to the Orcish Mines.
 29384 | D:12     | Got a spiked ring mail
 29733 | D:12     | Identified the +7 ring mail "Fruy" {MP+9} (You took it off a wight on level 12 of the Dungeon)
 29818 | D:12     | Noticed Erica
 29837 | D:12     | Killed Erica
 29837 | D:12     | Reached XP level 15. HP: 125/130 MP: 27/27
 31080 | D:12     | Gained mutation: You can spit poison. [potion of beneficial mutation]
 32451 | D:14     | Found a sparkling altar of Nemelex Xobeh.
 32914 | D:14     | Found a gate to the Vaults.
 33770 | D:15     | Entered Level 15 of the Dungeon
 33806 | D:15     | Found Theiz's Antique Armour Emporium.
 33810 | D:15     | Bought an ichor-stained leather armour for 238 gold pieces
 33820 | D:15     | Identified the +2 leather armour "Plycej" {rElec Stlth+} (You bought it in a shop on level 15 of the Dungeon)
 33943 | D:15     | Gained mutation: You are resistant to hostile enchantments. [potion of beneficial mutation]
 34105 | D:15     | Found a staircase to the Depths.
 34954 | Lair:2   | Learned a level 3 spell: Portal Projectile
 35159 | Orc:1    | Entered Level 1 of the Orcish Mines
 35159 | Orc:1    | Found a roughly hewn altar of Beogh.
 35927 | Orc:3    | Found Zaigam's Book Emporium.
 35947 | Orc:3    | Noticed Nessos
 35962 | Orc:3    | Killed Nessos
 36205 | Orc:3    | Reached XP level 16. HP: 84/139 MP: 20/28
 36480 | Orc:3    | Found a roughly hewn altar of Beogh.
 36905 | Orc:4    | Entered Level 4 of the Orcish Mines
 36919 | Orc:4    | Found a burning altar of Makhleb.
 36958 | Orc:4    | Noticed Sonja
 36968 | Orc:4    | Killed Sonja
 37367 | Orc:4    | Reached skill level 17 in Axes
 37686 | Orc:4    | Found Bramajosk's Antique Armour Shop.
 37687 | Orc:4    | Found Chacedus' Antique Weapon Boutique.
 37691 | Orc:4    | Noticed Urug
 37700 | Orc:4    | Killed Urug
 37709 | Orc:4    | Found Gyat Haehe's General Store.
 37709 | Orc:4    | Found Obra's Book Shop.
 37802 | Orc:4    | Bought an encrusted swamp dragon armour for 1650 gold pieces
 37812 | Orc:4    | Identified the +7 swamp dragon armour of Saat {rElec rPois rC- Int+4 Slay+4} (You bought it in a shop on level 4 of the Orcish Mines)
 37926 | Orc:4    | Found a roughly hewn altar of Beogh.
 38032 | Orc:4    | Noticed Nergalle
 38039 | Orc:4    | Killed Nergalle
 38219 | Orc:4    | Found a staircase to the Elven Halls.
 38389 | Orc:4    | Bought a runed cloak for 135 gold pieces
 38501 | Elf:1    | Entered Level 1 of the Elven Halls
 38821 | Elf:1    | Reached skill level 10 in Crossbows
 39278 | Elf:1    | Noticed Gravoth's ghost (powerful DgFi)
 39302 | Elf:1    | Killed Gravoth's ghost
 41452 | Elf:2    | Found a huge runed gate.
 41452 | Elf:2    | Found a huge runed gate.
 41452 | Elf:2    | Found a huge runed gate.
 41551 | Elf:2    | Noticed a deep elf blademaster
 42135 | D:11     | Bought an uncursed ring of protection from cold for 325 gold pieces
 42272 | Shoals:1 | Entered Level 1 of the Shoals
 43085 | Shoals:1 | Reached XP level 17. HP: 138/149 MP: 28/29
 43159 | Shoals:1 | Learned a level 2 spell: Cure Poison
 43362 | Shoals:1 | Found Funuih's Antique Armour Boutique.
 43717 | Shoals:2 | Found a frozen archway.
 43772 | IceCv    | Entered an ice cave
 44330 | IceCv    | Reached skill level 18 in Axes
 44870 | IceCv    | Reached skill level 1 in Poison Magic
 45210 | IceCv    | Noticed an Ice Fiend
 45858 | IceCv    | Killed an Ice Fiend
 46532 | Shoals:2 | Got an ancient halberd
 46841 | Snake:1  | Entered Level 1 of the Snake Pit
 46947 | Snake:1  | Noticed Aizul
 46956 | Snake:1  | Killed Aizul
 47088 | Snake:1  | Noticed Rupert
 47107 | Snake:1  | Killed Rupert
 49227 | Snake:3  | Learned a level 2 spell: Swiftness
 49239 | Snake:3  | Reached XP level 18. HP: 143/159 MP: 30/30
 49252 | Snake:3  | Found Ciafud's Food Emporium.
 49270 | Snake:3  | Found Jomontec's Armour Boutique.
 49270 | Snake:3  | Found Strykiaxt's Jewellery Shop.
 49287 | Snake:3  | Learned a level 4 spell: Passage of Golubria
 49534 | Snake:3  | Reached skill level 10 in Translocations
 49597 | Snake:3  | Found Biadionn's Assorted Antiques.
 49601 | Snake:3  | Found Miuhohoh's Distillery.
 49618 | Snake:3  | Bought a potion of mutation for 32 gold pieces
 50200 | Snake:4  | Learned a level 5 spell: Gell's Gravitas
 50353 | Snake:4  | Reached skill level 19 in Axes
 50387 | Snake:4  | Noticed Vashnia
 50845 | Snake:4  | Noticed Frances
 50869 | Snake:4  | Killed Frances
 51029 | Snake:4  | Found Urghidi's Magic Scroll Shoppe.
 51036 | Snake:4  | Bought a scroll of identify for 38 gold pieces
 51036 | Snake:4  | Bought a scroll of identify for 38 gold pieces
 51036 | Snake:4  | Bought a scroll of identify for 38 gold pieces
 51589 | Snake:4  | Killed Vashnia
 51589 | Snake:4  | Reached skill level 1 in Hexes
 51836 | Snake:5  | Entered Level 5 of the Snake Pit
 51918 | Snake:5  | Noticed germz's ghost (mighty FoFi)
 52294 | Snake:5  | Killed germz's ghost
 54683 | Snake:5  | Got a serpentine rune of Zot
 54689 | Snake:5  | Reached XP level 19. HP: 122/167 MP: 22/32
 55599 | Snake:5  | Reached skill level 20 in Axes
 55760 | Snake:5  | Learned a level 3 spell: Flight
 56357 | Shoals:2 | Learned a level 2 spell: Repel Missiles
 57029 | Shoals:3 | Got a polished ring mail
 57034 | Shoals:3 | Identified the +5 ring mail of Virtue {+Blink Int+6} (You found it on level 3 of the Shoals)
 57222 | Shoals:3 | Noticed Snorg
 57236 | Shoals:3 | Killed Snorg
 57292 | Shoals:3 | Reached skill level 15 in Armour
 57984 | Shoals:5 | Entered Level 5 of the Shoals
 58246 | Shoals:5 | Found a flickering gateway to a bazaar.
 58252 | Bazaar   | Entered a bazaar
 58252 | Bazaar   | Found Tyhoywuy's Assorted Antiques.
 58252 | Bazaar   | Found Veanaer's Jewellery Boutique.
 58252 | Bazaar   | Found Vofolos' Magic Scroll Shoppe.
 58255 | Bazaar   | Found Robatuys' Assorted Antiques.
 58296 | Bazaar   | Bought a scroll of identify for 18 gold pieces
 58296 | Bazaar   | Bought a scroll of identify for 18 gold pieces
 58299 | Bazaar   | Bought a scintillating platinum ring for 190 gold pieces
 58301 | Bazaar   | Identified the ring "Ozubas Taadu" {+Fly rElec rC+ Dex+4} (You bought it in a shop in a bazaar)
 58307 | Bazaar   | Bought a cursed amulet of inaccuracy for 22 gold pieces
 58975 | Shoals:5 | Got an ichor-stained chain mail
 58995 | Shoals:5 | Identified the +8 chain mail "Thil" {rF- rC+ Dex+2} (You found it on level 5 of the Shoals)
 59014 | Shoals:5 | Got a brightly glowing chain mail
 59015 | Shoals:5 | Identified the +5 chain mail "Thyggog" {-Tele rC++ Slay+3} (You found it on level 5 of the Shoals)
 59165 | Shoals:5 | Noticed Ilsuiw
 59220 | Shoals:5 | Killed Ilsuiw
 59220 | Shoals:5 | Reached XP level 20. HP: 126/177 MP: 30/32
 59462 | Shoals:5 | Got a barnacled rune of Zot
 59947 | Vaults:1 | Entered Level 1 of the Vaults
 59970 | Vaults:1 | Reached skill level 15 in Fighting
 60431 | Vaults:1 | Found Uceril's Gadget Shop.
 61429 | Vaults:1 | Found Xoakhyash's Magic Scroll Boutique.
 61432 | Vaults:1 | Bought a scroll of identify for 36 gold pieces
 61432 | Vaults:1 | Bought a scroll of identify for 36 gold pieces
 61432 | Vaults:1 | Bought a scroll of identify for 36 gold pieces
 61437 | Vaults:1 | Found Gadewnonk's Book Shop.
 61937 | Vaults:2 | Found a staircase to the Crypt.
 62058 | Vaults:2 | Noticed Wiglaf
 62071 | Vaults:2 | Noticed Louise
 62095 | Vaults:2 | Killed Wiglaf
 62102 | Vaults:2 | Killed Louise
 63280 | Vaults:3 | Reached skill level 10 in Spellcasting
 63446 | Vaults:3 | Reached XP level 21. HP: 95/185 MP: 34/34
 64122 | Vaults:3 | Reached skill level 15 in Crossbows
 64230 | Vaults:3 | Reached skill level 21 in Axes
 64775 | Vaults:3 | Got a scintillating sapphire amulet
 65325 | Vaults:3 | Identified the amulet "Lases" {rMut rC+ Slay+3} (You took it off a fire giant on level 3 of the Vaults)
 65644 | Vaults:3 | Got a silken robe
 65664 | Vaults:3 | Identified the cursed -5 robe of Miomiam {Contam Regen+ Dex+3} (You took it off a yaktaur captain on level 3 of the Vaults)
 66135 | Vaults:3 | Cast into the Abyss (vault warden)
 66300 | Abyss:3  | Found a corrupted altar of Lugonu.
 67262 | Abyss:3  | Reached skill level 15 in Dodging
 67262 | Abyss:3  | Reached XP level 22. HP: 112/195 MP: 35/35
 67516 | Vaults:3 | Escaped the Abyss
 68914 | Vaults:4 | Noticed Margery
 68949 | Vaults:4 | Killed Margery
 69862 | Vaults:4 | Identified a scroll of acquirement
 70399 | Vaults:5 | Entered Level 5 of the Vaults
 71655 | Vaults:5 | Reached XP level 23. HP: 144/204 MP: 31/35
 72614 | Vaults:5 | Reached skill level 22 in Axes
 72644 | Vaults:5 | Got a translucent bone ring
 72645 | Vaults:5 | Identified the ring "Joehokus" {+Fly rPois Int-2 Dex+4} (You found it on level 5 of the Vaults)
 73807 | Vaults:5 | Noticed an ancient lich
 73827 | Vaults:5 | Killed an ancient lich
 75280 | Vaults:5 | Noticed an ancient lich
 75302 | Vaults:5 | Killed an ancient lich
 75506 | Vaults:5 | Got a shimmering tin ring
 75512 | Vaults:5 | Got a clouded wooden ring
 75520 | Vaults:5 | Identified the ring of the Median {MR+ Dex+5} (You found it on level 5 of the Vaults)
 75521 | Vaults:5 | Identified the ring of Gufrus {Ice rElec Str+2 Dex-3} (You took it off a deep elf demonologist on level 5 of the Vaults)
 75530 | Vaults:5 | Identified Xoustrong's Guide on Earthen Sinister Rites
 75544 | Vaults:5 | Got a brightly glowing plate armour
 75553 | Vaults:5 | Identified the +5 plate armour "Eluh Akk" {rF- rC- Regen+ Str+4 Int+6} (You found it on level 5 of the Vaults)
 75867 | Vaults:5 | Got a pair of ancient gloves
 75868 | Vaults:5 | Identified the +2 pair of gloves "Kler" {-Tele MR+ rCorr MP+9 Str+2} (You found it on level 5 of the Vaults)
 76104 | Vaults:5 | Got a silver rune of Zot
 77084 | Elf:2    | Killed a deep elf blademaster
 77087 | Elf:2    | Reached XP level 24. HP: 210/216 MP: 36/36
 77615 | Elf:2    | Noticed Kirke
 77618 | Elf:2    | Killed Kirke
 77773 | Elf:3    | Entered Level 3 of the Elven Halls
 78050 | Elf:3    | Found Pale's Food Shop.
 79155 | Elf:3    | Got a brightly glowing halberd
 79168 | Elf:3    | Learned a level 3 spell: Regeneration
 79188 | Elf:3    | Got a faintly glowing copper ring
 79202 | Elf:3    | Identified the ring "Zunkanlolu" {rElec rPois Str+6 SInv} (You took it off a deep elf death mage on level 3 of the Elven Halls)
 79237 | Elf:3    | Got a jacinth-encrusted ring mail
 79238 | Elf:3    | Identified the +2 ring mail of Hysteria {Str+2} (You found it on level 3 of the Elven Halls)
 79700 | Lair:2   | Identified the cursed +2 halberd of Evolution {elec, MR+ Int+2} (You found it on level 3 of the Elven Halls)
 79768 | Lair:2   | Learned a level 6 spell: Dispersal
 79947 | Slime:1  | Entered Level 1 of the Pits of Slime
 81115 | Slime:5  | Noticed deszczowiec's ghost (great GrFi)
 81134 | Slime:5  | Killed deszczowiec's ghost
 81972 | Slime:6  | Entered Level 6 of the Pits of Slime
 82054 | Slime:6  | Noticed the royal jelly
 82076 | Slime:6  | Killed the royal jelly
 82087 | Slime:6  | Slain by an acid blob

Action                   |  1- 3 |  4- 6 |  7- 9 | 10-12 | 13-15 | 16-18 | 19-21 | 22-24 || total
-------------------------+-------+-------+-------+-------+-------+-------+-------+-------++-------
Melee: Hand axe          |    97 |   274 |   185 |       |       |       |       |       ||   556
       War axe           |       |       |   249 |   551 |       |       |       |       ||   800
       Battleaxe         |       |       |       |   588 |  1570 |  1685 |  1555 |  1058 ||  6456
 Fire: Blowgun           |       |       |       |    11 |    51 |     4 |       |       ||    66
       Arbalest          |       |       |       |    30 |   120 |   242 |   199 |   528 ||  1119
Throw: Tomahawk          |     5 |       |       |       |       |       |       |       ||     5
       Throwing net      |       |       |       |     1 |     6 |     2 |     4 |     1 ||    14
 Cast: Shroud of Golubri |       |    11 |    20 |    63 |   108 |   101 |   104 |    98 ||   505
       Apportation       |       |    14 |     8 |    22 |    55 |    95 |    59 |   100 ||   353
       Blink             |       |     4 |     8 |    26 |    38 |    27 |     6 |    16 ||   125
       Portal Projectile |       |       |       |       |       |     5 |     3 |     2 ||    10
       Cure Poison       |       |       |       |       |       |    34 |    14 |     4 ||    52
       Passage of Golubr |       |       |       |       |       |     2 |       |       ||     2
       Flight            |       |       |       |       |       |       |    54 |       ||    54
       Repel Missiles    |       |       |       |       |       |       |    13 |     9 ||    22
       Teleport Other    |       |       |       |       |       |       |     1 |       ||     1
 Abil: Spit Poison       |       |       |       |       |     1 |       |     1 |       ||     2
       Evoke Flight      |       |       |       |       |       |     2 |     1 |       ||     3
Evoke: Wand              |       |       |    22 |     3 |     8 |       |       |       ||    33
  Use: Scroll            |       |     4 |     5 |    17 |    19 |    22 |    28 |    21 ||   116
       Potion            |       |     1 |     3 |       |     7 |    19 |    17 |    10 ||    57
 Stab: Paralysed         |       |       |    20 |       |     2 |       |       |       ||    22
       Confused          |       |       |     2 |       |       |       |       |       ||     2
       Distracted        |       |       |       |     1 |       |     1 |     1 |       ||     3
       Held in net/web   |       |       |       |       |     3 |       |       |       ||     3
       Fleeing           |       |       |       |       |     1 |       |       |       ||     1
  Eat: Chunk             |     2 |     5 |    18 |    33 |    39 |    31 |    24 |    20 ||   172
       Bread ration      |       |     2 |       |       |     1 |     4 |     3 |     3 ||    13
       Royal jelly       |       |       |     1 |       |       |     1 |     1 |     1 ||     4
       Beef jerky        |       |       |     1 |       |       |     1 |     2 |       ||     4
       Pizza             |       |       |       |     2 |       |     1 |       |       ||     3
       Fruit             |       |       |       |     5 |     8 |     1 |       |       ||    14
       Meat ration       |       |       |       |       |       |     1 |       |     2 ||     3
